 Dungeon Crawl Stone Soup version 0.28.0-53-g5a82cb258f (webtiles) character file.

Game seed: 9766182365285965403

198 gobodom the Stinger (level 5, -1/36 HPs)
             Began as a Demonspawn Venom Mage on June 7, 2022.
             Slain by Pikel
             ... wielding a +0 whip of flaming
              (2 damage)
             ... on level 4 of the Dungeon.
             The game lasted 00:18:55 (2644 turns).

gobodom the Stinger (Demonspawn Venom Mage)         Turns: 2644, Time: 00:18:55

Health: -1/36      AC:  3    Str:  8    XL:     5   Next: 47%
Magic:  8/9        EV: 13    Int: 18    God:
Gold:   121        SH:  0    Dex: 19    Spells: 9/10 levels left

rFire   + + .      SeeInvis .   j - +8 dagger "Plog" {pain, rF++ rC+ Dex+3}
rCold   + . .      Faith    .   (no shield)
rNeg    . . .      Spirit   .   a - +0 robe
rPois   .          Reflect  .   (no helmet)
rElec   .          Harm     .   b - +0 cloak
rCorr   .          Rampage  .   (no gloves)
Will    .....                   (no boots)
Stlth   +++.......              (no amulet)
HPRegen 0.12/turn               (no ring)
MPRegen 0.11/turn               (no ring)

@: no status effects
A: thin skeletal structure 1, spiny 2
a: no special abilities


You were on level 4 of the Dungeon.
You visited 1 branch of the dungeon, and saw 4 of its levels.

You collected 121 gold pieces.

Inventory:

Hand Weapons
 c - a +0 whip
 e - a +1 dagger of electrocution
 i - a +1 dagger of speed
 j - the +8 dagger "Plog" (weapon) {pain, rF++ rC+ Dex+3}
   (You found it on level 2 of the Dungeon)

   In the hands of one skilled in necromantic magic, it inflicts extra damage on
   living creatures.
   Dex:       It affects your dexterity (+3).
   rF:        It greatly protects you from fire.
   rC:        It protects you from cold.
 p - a +0 hunting sling
Missiles
 d - 52 stones
 g - 30 arrows
 l - a throwing net
 n - 49 bolts
 w - 4 poisoned darts
Armour
 a - a +0 robe (worn)
 b - a +0 cloak (worn)
Jewellery
 o - a ring of resist corrosion
Wands
 u - a wand of digging (7)
 v - a wand of acid (6)
Scrolls
 f - 2 scrolls of immolation
 h - a scroll of fog {unknown}
 r - 2 scrolls of teleportation {unknown}
 s - a scroll of enchant weapon {unknown}
 t - 2 scrolls of fear {unknown}
Potions
 k - a potion of attraction {unknown}
 m - a potion of heal wounds {unknown}
 q - a potion of ambrosia {unknown}
 x - a potion of flight {unknown}


   Skills:
 + Level 0.7 Fighting
 + Level 1.5 Short Blades
 + Level 2.4 Dodging
 + Level 2.4 Stealth
 + Level 3.1 Spellcasting
 + Level 1.5 Transmutations
 + Level 4.0 Poison Magic


You had 9 spell levels left.
You knew the following spells:

 Your Spells              Type           Power      Damage    Failure   Level
a - Sting                 Tmut/Pois      48%        1d5       4%          1

Your spell library contained the following spells:

 Spells                   Type           Power      Damage    Failure   Level
 Poisonous Vapours        Pois/Air       20%        N/A       11%         2
 Mephitic Cloud           Conj/Pois/Air  7%         N/A       28%         3
 Olgreb's Toxic Radiance  Pois           17%        N/A       30%         4


Dungeon Overview and Level Annotations

Branches:
Dungeon (4/15)
 Temple: D:4-7

Altars:

Annotations:
D:4 Pikel


Innate Abilities, Weirdness & Mutations

You have a somewhat thin skeletal structure. (Dex +2, Stealth+)
You are mostly covered in sharp spines.


Message History

A lemure comes into view.
The ball python completely misses you.
A lemure comes into view.
Pikel shouts!
The lemure shouts! x3
You puncture the ball python!
You kill the ball python!
You see here a ball python corpse.
Pikel says, "Hell isn't that bad."
A lemure comes into view.
Pikel hits you with a +0 whip of flaming.
You hit the lemure.
The lemure is lightly wounded.
You hit Pikel.
Pikel is lightly wounded.
Pikel hits you with a +0 whip of flaming.
The lemure is struck by your spines. The lemure hits you.
You hit Pikel but do no damage.
Pikel is lightly wounded.
Pikel is struck by your spines.
Pikel hits you with a +0 whip of flaming.
You puncture Pikel!
Pikel is moderately wounded.
The lemure hits you but does no damage. Pikel is struck by your spines.
Pikel barely misses you. The lemure hits you.
You hit Pikel.
Pikel is heavily wounded.
The lemure is struck by your spines. The lemure hits you.
Pikel drinks a potion.
Pikel is healed!
The lemure hits you.
Sorry, you're not good enough to have a special ability.
Casting: Sting (safe; 4% risk of failure)
Confirm with . or Enter, or press ? or * to list all spells.
Aiming: Sting (safe; 4% risk of failure)
Press: ? - help, Shift-Dir - straight line, f - lemure
Aim: a lemure (64% to hit)
The sting hits the lemure but does no damage.
The lemure is poisoned.
The lemure closely misses you.
Pikel hits you with a +0 whip of flaming!
* * * LOW HITPOINT WARNING * * *
Pikel burns you.
You die...

...............
...............
...............
.............
...........
.........# ####
#......5## ##..##
#..####K5####....#
##@5#...##)# # #.
##...####.# ## #.#
##...# #.# ##.
##.# #....## #.#
#.. #..# ###†##..#
#.# ##..
#..###..####.###.#
#... #...#..##
#....†# #..
#.....# ##..###
### #.....# #### #


You could see Pikel and 3 lemures.

Vanquished Creatures
  A black bear (D:3)
  4 adders
  2 worms
  2 dart slugs (D:1)
  9 ball pythons
  5 endoplasms
  5 giant cockroaches
  3 goblins (D:1)
  10 hobgoblins
  4 jackals (D:2)
  6 kobolds
  2 quokkas
  A bat (D:3)
  3 frilled lizards
  4 rats
61 creatures vanquished.

Notes
Turn   | Place    | Note
-------+----------+-------------------------------------------
     0 | D:1      | gobodom the Demonspawn Venom Mage began the quest for the
                  | Orb.
     0 | D:1      | Reached XP level 1. HP: 13/13 MP: 3/3
   161 | D:1      | Gained mutation: You are partially covered in sharp spines.
                  | [demonic ancestry]
   161 | D:1      | Reached XP level 2. HP: 19/19 MP: 1/5
   595 | D:1      | Reached skill level 1 in Transmutations
   709 | D:1      | Gained mutation: You have a somewhat thin skeletal
                  | structure. (Dex +2, Stealth+) [demonic ancestry]
   709 | D:1      | Reached XP level 3. HP: 23/24 MP: 6/6
  1231 | D:2      | Identified the +8 dagger "Plog" {pain, rF++ rC+ Dex+3}
  1547 | D:2      | Gained mutation: You are mostly covered in sharp spines.
                  | [demonic ancestry]
  1547 | D:2      | Reached XP level 4. HP: 29/30 MP: 8/8
  1889 | D:3      | Noticed a black bear
  1901 | D:3      | Killed a black bear
  1902 | D:3      | Reached skill level 1 in Short Blades
  1902 | D:3      | Reached skill level 4 in Poison Magic
  1902 | D:3      | Reached XP level 5. HP: 30/36 MP: 9/9
  1952 | D:3      | Found a faded altar of an unknown god.
  2632 | D:4      | Noticed Pikel
  2632 | D:4      | Noticed a lemure
  2633 | D:4      | Noticed a lemure
  2633 | D:4      | Noticed a lemure
  2638 | D:4      | Noticed a lemure
  2644 | D:4      | HP: 1/36 [Pikel/+0 whip of flaming (11)]
  2644 | D:4      | Slain by Pikel

Illustrated notes

Levels and vault maps discovered:
D:1:      minmay_arrival_glassed_features, layout_rooms, minmay_crystal_water
D:2:      layout_rooms
D:3:      layout_rooms, hellmonk_ecumenical_altar_blasted
D:4:      layout_layer_cave, uniq_pikel

Skill      XL: |  1  2  3  4 |
---------------+-------------+-----
Dodging        | 2 |  2.4
Transmutations | 1 |  1.5
Short Blades   | 1 |  1.5
Stealth        | 2 |  2.4
Spellcasting   | 3 |  3.1
Poison Magic   | 4 |  4.0
Fighting       | |  0.7

Action                   |  1- 3 |  4- 6 || total
-------------------------+-------+-------++-------
Melee: Dagger            |    51 |    30 ||    81
 Cast: Sting             |    33 |     2 ||    35
  Use: Scroll            |     1 |       ||     1
 Stab: Sleeping          |     2 |     6 ||     8
Armor: Robe              |    16 |     5 ||    21
Dodge: Dodged            |    39 |    13 ||    52
